 Dungeon Crawl Stone Soup version 0.27-a0-1188-g73eefd5def (webtiles) character file.

Game seed: 2619644747548273207

1947 barkas the Tainter (level 9, -1/118 HPs)
             Began as a Naga Venom Mage on May 22, 2021.
             Was a Follower of Fedhas.
             Slain by a hornet zombie (3 damage)
             ... on level 6 of the Dungeon.
             The game lasted 00:11:47 (7790 turns).

barkas the Tainter (Naga Venom Mage)                Turns: 7790, Time: 00:11:48

Health: -1/118     AC: 10    Str: 10    XL:     9   Next: 18%
Magic:  12/16      EV:  9    Int: 18    God:    Fedhas [*.....]
Gold:   265        SH:  0    Dex: 13    Spells: 5/17 levels left

rFire    + . .     SeeInvis +   m - +4 dagger
rCold    + . .     Faith    .   (no shield)
rNeg     . . .     Spirit   .   j - +1 leather armour {rF+}
rPois    +         Reflect  .   (no helmet)
rElec    .         Harm     .   (no cloak)
rCorr    .         Rampage  .   k - +0 pair of gloves
Will     +....                  (no barding)
Stlth    ..........             (no amulet)
HPRegen  0.29/turn              d - +4 ring of protection
MPRegen  0.15/turn              o - ring of protection from cold

@: berserking, quick
A: AC +3, large, see invisible, deformed body, poison resistance, slowness 2,
spit poison 1, naga tail 1
a: Spit Poison, Renounce Religion


You were on level 6 of the Dungeon.
You worshipped Fedhas.
Fedhas was aware of your devotion.
You visited 1 branch of the dungeon, and saw 6 of its levels.

You collected 265 gold pieces.

Inventory:

Hand Weapons
 b - a +0 dagger of draining
 m - a +4 dagger (weapon)
Missiles
 h - a throwing net
Armour
 j - a +1 leather armour of fire resistance (worn)
 k - a +0 pair of gloves (worn)
Jewellery
 d - a +4 ring of protection (left hand)
 o - a ring of protection from cold (right hand)
Scrolls
 a - a scroll of brand weapon {unknown}
 c - 2 scrolls of teleportation
 e - 3 scrolls of magic mapping {unknown}
 f - a scroll of amnesia
 g - 2 scrolls of enchant armour {unknown}
 i - 2 scrolls of fog
 l - a scroll of fear {unknown}


   Skills:
 + Level 4.4 Fighting
 - Level 1.5 Dodging
 + Level 8.1 Stealth
 + Level 4.7 Spellcasting
 * Level 1.6 Translocations
 * Level 2.8 Transmutations
 * Level 1.8 Fire Magic
 * Level 1.7 Air Magic
 * Level 9.8 Poison Magic


You had 5 spell levels left.
You knew the following spells:

 Your Spells              Type           Power      Damage    Failure   Level
a - Sting                 Tmut/Pois      100%       1d8       1%          1
b - Poisonous Vapours     Pois/Air       48%        N/A       2%          2
c - Olgreb's Toxic Radia  Pois           39%        N/A       3%          4
d - Ignite Poison         Fire/Tmut/Pois 21%        N/A       8%          3
e - Blink                 Tloc           N/A        N/A       14%         2

Your spell library contained the following spells:

 Spells                   Type           Power      Damage    Failure   Level
 Mephitic Cloud           Conj/Pois/Air  18%        N/A       12%         3
 Shock                    Conj/Air       28%        1d4       13%         1
 Magic Dart               Conj           16%        1d3       19%         1
 Static Discharge         Conj/Air       7%         N/A       21%         2
 Call Imp                 Summ           4%         N/A       28%         2
 Slow                     Hex            4%         N/A       28%         2
 Swiftness                Air            10%        N/A       28%         3
 Conjure Flame            Conj/Fire      7%         6-21      36%         3
 Airstrike                Air            5%         N/A       67%         4
 Lightning Bolt           Conj/Air       3%         1d15      98%         5


Dungeon Overview and Level Annotations

Branches:
Dungeon (6/15)             Temple (0/1) D:6

Altars:
Fedhas
Kikubaaqudgha
Sif Muna
Vehumet

Annotations:
D:2 item cache behind rock wall


Innate Abilities, Weirdness & Mutations

Your serpentine skin is tough. (AC +3)
You have supernaturally acute eyesight. (SInv)
Armour fits poorly on your strangely shaped body.
Your system is resistant to poisons. (rPois)
You cover ground very slowly.
You can spit poison.
You have a snake-like lower body.


Message History

The sting hits the hornet zombie.
The hornet zombie partially resists.
The hornet zombie is severely damaged.
The hornet zombie hits you.
Unknown command.
Casting: Sting (safe; 1% risk of failure)
Confirm with . or Enter, or press ? or * to list all spells.
Aiming: Sting (safe; 1% risk of failure)
Press: ? - help, Shift-Dir - straight line, f/p - hornet zombie
Aim: a hornet zombie (severely damaged, 81% to hit)
The sting hits the hornet zombie.
The hornet zombie partially resists.
The hornet zombie is severely damaged.
The hornet zombie closely misses you. The hornet zombie barely misses you.
Unknown command.
Casting: Sting (safe; 1% risk of failure)
Confirm with . or Enter, or press ? or * to list all spells.
Aiming: Sting (safe; 1% risk of failure)
Press: ? - help, Shift-Dir - straight line, f/p - hornet zombie
Aim: a hornet zombie (severely damaged, 81% to hit)
The sting hits the hornet zombie.
The hornet zombie partially resists.
The hornet zombie is severely damaged.
The hornet zombie hits you!
* * * LOW HITPOINT WARNING * * *
Casting: Sting (safe; 1% risk of failure)
Confirm with . or Enter, or press ? or * to list all spells.
Aiming: Sting (safe; 1% risk of failure)
Press: ? - help, Shift-Dir - straight line, f/p - hornet zombie
Aim: a hornet zombie (severely damaged, 81% to hit)
The sting hits the hornet zombie.
The hornet zombie partially resists.
The hornet zombie is severely damaged.
The hornet zombie hits you!
* * * LOW HITPOINT WARNING * * *
It was a potion of berserk rage.
A red film seems to cover your vision as you go berserk!
You feel yourself moving faster!
You feel mighty! The hornet zombie hits you.
* * * LOW HITPOINT WARNING * * *
You barely miss the hornet zombie.
The hornet zombie is severely damaged.
The hornet zombie hits you.
You die...
Fedhas appreciates your contribution to the ecosystem.

...................... #
##..⌠.(.####.#.#####.. #
##......# #.#.######## [######
##.^....# #........... ...[...
........# ###.########..
....... ###.....#
#.##................ #
#####.######.##.#####..#.######
# .................... # #
.........@Z#.###..# # #
.........###.# # ........## ...
# .######## ..... # .c..... #
...^..... # ...######## #..# .
..


You could see a hornet zombie.

Vanquished Creatures
  Grinder (D:4)
  Menkaure (D:4)
  A water moccasin (D:5)
  A black bear (D:6)
  2 ogres (D:4)
  A sky beast (D:5)
  2 necrophages (D:6)
  2 bullfrogs (D:6)
  2 scorpions (D:5)
  A jelly (D:4)
  An iguana (D:5)
  A centaur skeleton (D:6)
  A gnoll shaman (D:4)
  3 hounds
  2 orc priests
  Natasha (twice) (D:4)
  8 orc wizards
  9 gnolls (D:5)
  6 adders
  A shadow imp (D:6)
  2 ufetubi
  2 worms
  2 dart slugs
  16 orcs
  7 ball pythons
  4 endoplasms
  3 giant cockroaches
  7 goblins
  7 hobgoblins
  9 jackals
  2 quokkas
  5 bats
  2 frilled lizards (D:2)
  8 kobolds
  5 rats
129 creatures vanquished.

Vanquished Creatures (others)
  13 plants (D:4)
13 creatures vanquished.

Grand Total: 142 creatures vanquished

Notes
Turn   | Place    | Note
-------+----------+-------------------------------------------
     0 | D:1      | barkas the Naga Venom Mage began the quest for the Orb.
     0 | D:1      | Reached XP level 1. HP: 15/15 MP: 3/3
   226 | D:1      | Reached XP level 2. HP: 22/22 MP: 1/5
   468 | D:1      | You fall into a shaft and drop 1 floor!
   563 | D:1      | Reached XP level 3. HP: 30/30 MP: 6/6
  1575 | D:2      | Reached skill level 1 in Fighting
  2193 | D:2      | Reached XP level 4. HP: 38/38 MP: 5/7
  2564 | D:3      | Found a faded altar of an unknown god.
  2576 | D:3      | Reached skill level 5 in Poison Magic
  3146 | D:4      | Reached XP level 5. HP: 39/44 MP: 1/8
  3462 | D:4      | Found an ancient bone altar of Kikubaaqudgha.
  3468 | D:4      | Reached skill level 6 in Poison Magic
  3468 | D:4      | Reached XP level 6. HP: 47/52 MP: 8/10
  3486 | D:4      | Found a shimmering blue altar of Sif Muna.
  3490 | D:4      | Reached skill level 5 in Stealth
  3502 | D:4      | Found a radiant altar of Vehumet.
  3536 | D:4      | Identified Vehumet's Catalogue of Attacks
  3712 | D:4      | Noticed Menkaure
  3731 | D:4      | Killed Menkaure
  3732 | D:4      | Reached skill level 7 in Poison Magic
  3732 | D:4      | Reached XP level 7. HP: 59/61 MP: 1/12
  4064 | D:4      | Noticed Grinder
  4089 | D:4      | Killed Grinder
  4424 | D:4      | Found a blossoming altar of Fedhas.
  4847 | D:4      | Noticed Natasha
  4853 | D:4      | Killed Natasha
  4854 | D:4      | Reached skill level 8 in Poison Magic
  4928 | D:4      | Reached XP level 8. HP: 43/69 MP: 8/13
  5187 | D:4      | Noticed Natasha
  5196 | D:4      | Killed Natasha
  5397 | D:4      | Became a worshipper of Fedhas Madash
  5481 | D:5      | Entered Level 5 of the Dungeon
  5896 | D:5      | Reached skill level 9 in Poison Magic
  6451 | D:4      | Learned a level 2 spell: Poisonous Vapours
  6456 | D:4      | Learned a level 4 spell: Olgreb's Toxic Radiance
  6460 | D:4      | Learned a level 3 spell: Ignite Poison
  6463 | D:4      | Learned a level 2 spell: Blink
  6569 | D:5      | Reached * piety under Fedhas
  7222 | D:6      | Reached skill level 1 in Fire Magic
  7358 | D:6      | Reached skill level 1 in Translocations
  7358 | D:6      | Reached skill level 1 in Air Magic
  7358 | D:6      | Reached XP level 9. HP: 74/79 MP: 12/15
  7633 | D:6      | Found a staircase to the Ecumenical Temple.
  7789 | D:6      | HP: 2/118 [hornet zombie (6)]
  7790 | D:6      | Slain by a hornet zombie

Illustrated notes

Levels and vault maps discovered:
D:1:      dpeg_arrival_rooms_a, layout_rooms
D:2:      layout_basic, serial_glass, glass_columns_a, glass_columns_a,
          due_unseen_surprise, minmay_strange_pillars, feat_on_display,
          wad_orctagon
D:3:      layout_rooms, hellmonk_ecumenical_altar_pennies_from_heaven
D:4:      layout_loops_ring, palyth_temple_overflow_mages,
          fedhas_altar_decomposition, patterned_corridor, uniq_menkaure,
          uniq_grinder, uniq_natasha
D:5:      layout_basic, hangedman_decor_points, corexii_leaking_fountain
D:6:      layout_basic, temple_fountains, nzn_random_ring

Skill      XL: |  1  2  3  4  5  6  7  8 |
---------------+-------------------------+-----
Fighting       | 1 2 3 4 |  4.4
Stealth        | 4 5 6 8 |  8.1
Poison Magic   | 5 6 7 8 9 |  9.8
Transmutations | 2 |  2.8
Spellcasting   | 3 4 |  4.7
Fire Magic     | 1 |  1.8
Translocations | 1 |  1.6
Air Magic      | 1 |  1.7
Dodging        | |  1.5

Action                   |  1- 3 |  4- 6 |  7- 9 || total
-------------------------+-------+-------+-------++-------
Melee: Unarmed           |     6 |       |       ||     6
       Dagger            |    10 |    23 |    80 ||   113
 Cast: Sting             |    51 |    69 |   148 ||   268
       Poisonous Vapours |       |       |     6 ||     6
       Ignite Poison     |       |       |     1 ||     1
 Abil: Spit Poison       |    21 |    22 |    30 ||    73
  Use: Scroll            |       |     4 |     3 ||     7
       Potion            |       |     2 |     2 ||     4
Armor: Robe              |    14 |     3 |       ||    17
       Leather armour    |       |    12 |    85 ||    97
       Skin              |       |     5 |       ||     5
Dodge: Dodged            |    23 |    17 |    91 ||   131

Table legend: (Time is in decaauts)
 A = Elapsed time spent in this place.
 B = Non-inter-level travel time spent in this place.
 C = Inter-level travel time spent in this place.
 D = Time resting spent in this place.
 E = Time spent auto-exploring this place.
 F = Levels seen in this place.
 G = Mean time per level.
                   A        B        C        D        E       F      G
               +--------+--------+--------+--------+--------+-----+--------+
         Total |   9319 |   8737 |    582 |   1516 |   5948 |   6 | 1553.2 |
       Dungeon |   9319 |   8737 |    582 |   1516 |   5948 |   6 | 1553.2 |
               +--------+--------+--------+--------+--------+-----+--------+

Top non-repeatable levels by time:
     D:4: 2684 daAuts
     D:2: 1884 daAuts
     D:5: 1723 daAuts
     D:1: 1256 daAuts
     D:3: 1077 daAuts
     D:6: 693 daAuts
